 Dungeon Crawl Stone Soup version 0.28.0-47-ge53b351184 (webtiles) character file.

Game seed: 12283634511945225184

40 pkoi the Insei (level 3, 29/29 HPs)
             Began as a Djinni Gladiator on Apr 27, 2022.
             Got out of the dungeon alive.
             The game lasted 00:01:49 (2220 turns).

pkoi the Insei (Djinni Gladiator)                   Turns: 2220, Time: 00:01:50

Health: 29/29      AC:  5    Str: 13    XL:     3   Next: 72%
Gold:   75         EV: 12    Int: 11    God:
                   SH:  0    Dex: 14

rFire   + + .      SeeInvis .     - Unarmed
rCold   x . .      Faith    .   (no shield)
rNeg    . . .      Spirit   .   a - +0 leather armour
rPois   ∞          Reflect  .   b - +0 helmet
rElec   .          Harm     .   (no cloak)
rCorr   .          Rampage  .   e - +0 pair of gloves
Will    .....                   (boots unavailable)
Stlth   +.........              (no amulet)
HPRegen 0.09/turn               (no ring)
MPRegen 0.00/turn               (no ring)

@: flying
A: sickness immunity, fire resistance 2, cold vulnerability 1, float, innate
caster, HP casting, extra vitality 1
a: no special abilities


You escaped.
You visited 1 branch of the dungeon, and saw 2 of its levels.

You collected 75 gold pieces.

Inventory:

Hand Weapons
 f - a +0 short sword
Missiles
 c - 3 throwing nets (quivered)
Armour
 a - a +0 leather armour (worn)
 b - a +0 helmet (worn)
 e - a +0 pair of gloves (worn)
Scrolls
 d - 2 scrolls of vulnerability {unknown}
 g - a scroll of teleportation {unknown}
 h - 2 scrolls of enchant armour {unknown}
 i - 2 scrolls of enchant weapon {unknown}
 l - a scroll of identify {unknown}
 m - a scroll of noise {unknown}
Potions
 j - a potion of curing {unknown}
 k - a potion of heal wounds {unknown}


   Skills:
 + Level 2.4 Fighting
 - Level 1.5 Throwing
 + Level 1.0 Armour
 + Level 3.6 Dodging
 + Level 3.6 Unarmed Combat


You had one spell level left.
You knew the following spells:

 Your Spells              Type           Power      Damage    Failure   Level
a - Summon Small Mammal   Summ           0%         N/A       41%         1
Your spell library was empty.

Dungeon Overview and Level Annotations

Branches:
Dungeon (2/15)

Altars:

Shops:
D:1 :


Innate Abilities, Weirdness & Mutations

You are immune to sickness and miasma.
You are immune to poison.
Your flesh is very heat resistant. (rF++)
You are vulnerable to cold. (rC-)
You float through the air rather than walking.
You learn spells naturally, not from books.
Your magical power is your life essence.
You have superior vitality. (+4 MHP)


Message History

Your Armour skill increases to level 1!
A dart slug comes into view.
A dart slug is nearby!
A dart slug is nearby!
A dart slug is nearby!
The dart slug launches a dart at you. The slug dart misses you.
You hit the dart slug.
The dart slug is heavily wounded.
You hit the dart slug but do no damage.
The dart slug is heavily wounded.
The dart slug launches a dart at you. The slug dart hits you.
* * * LOW HITPOINT WARNING * * *
You hit the dart slug.
The dart slug is almost dead.
The dart slug closely misses you.
You hit the dart slug.
You kill the dart slug!
You reach down and open the door.
You start resting.
You start resting.
HP restored.
There is an open door here.
There is a stone staircase leading up here.
You fly upwards.
There is a stone staircase leading down here.
Press: ? - help, v - describe, . - travel A stone staircase leading down.
Unknown command.
There is a huge open gate here.
The orc shouts!
There is an open gate here.
The orc shouts!
There is a staircase leading out of the dungeon here.
Are you sure you want to leave the Dungeon?
This will make you lose the game!
Alright, then stay!
Unknown command.
Are you sure you want to leave the Dungeon?
This will make you lose the game!
You have escaped!

.....# #.##.# #.# #..##. .....#
##.##.######.# #..### ..####
##............# #..# # ..#
#......####.### #..### ..#
####...#.####..########.....
######.....................######
...........................# #
#####...#################..# #
##..#≈≈≈≈≈≈≈@≈≈≈≈≈≈≈#..#
#..#≈≈≈≈≈≈≈.≈≈≈≈≈≈≈#..#
#..#≈≈≈≈.......≈≈≈≈#..##
####..#≈≈...........≈≈#...#
#.....#≈.............≈#...#
#.#...#≈.............≈#...#
#.#...###..8.###.8..###...#
###.#...#o#...........#o#...#
........#######'''#######...#


You could see 2 orcs.

Vanquished Creatures
  An adder (D:2)
  4 dart slugs
  2 ball pythons
  2 endoplasms
  4 jackals (D:2)
  4 bats
  4 kobolds
  2 rats
23 creatures vanquished.

Notes
Turn   | Place    | Note
-------+----------+-------------------------------------------
     0 | D:1      | pkoi the Djinni Gladiator began the quest for the Orb.
     0 | D:1      | Reached XP level 1. HP: 18/18 MP: 0/0
   523 | D:1      | Reached XP level 2. HP: 23/23 MP: 0/0
   557 | D:1      | Found a faded altar of an unknown god.
   944 | D:1      | Found Licaam's Book Boutique.
  1344 | D:2      | Reached XP level 3. HP: 23/28 MP: 0/0
  1344 | D:2      | Learned a level 1 spell: Summon Small Mammal
  1925 | D:2      | Reached skill level 1 in Armour
  2220 | D:$      | Got out of the dungeon alive.

Illustrated notes

Levels and vault maps discovered:
D:1:      lordsloth_arrival_two_stooges, layout_loops_corners, serial_shops,
          shop_fountains, ebering_ecumenical_altar_box
D:2:      layout_basic

Skill      XL: |  1  2  3 |
---------------+----------+-----
Armour         | 1 |  1.0
Fighting       | |  2.4
Throwing       | |  1.5
Dodging        | |  3.6
Unarmed Combat | |  3.6

Action                   || total
-------------------------++-------
Melee: Unarmed           ||   101
       Punch             ||     3
 Cast: Summon Small Mamm ||     1
 Stab: Sleeping          ||     1
Armor: Leather armour    ||    33
Dodge: Dodged            ||    83
